TORONTO vs EDMONTON

Created - April-04-21 at 10:31

Goals
1 2 3 T
TORONTO 1 0 1 2
EDMONTON 1 1 1 3
Shots
1 2 3 T
TORONTO 17 5 7 29
EDMONTON 10 7 7 24

1st period

1. EDMONTON , Darren Helm 8 (Barclay Goodrow 4, Craig Smith 16) at 3:39
2. TORONTO , Brayden Point 19 (Josh Morrissey 14, Brady Tkachuk 7) at 19:54

Penalties :
Barclay Goodrow (EDM) for Roughing (Minor) at 5:53, Richard Panik (TOR) for Hooking (Minor) at 7:57, David Perron (EDM) for Tripping (Minor) at 16:50

2nd period

3. EDMONTON , Anze Kopitar 15 (Jason Demers 19, Bryan Rust 12) at 7:29

Penalties :
No Penalty

3rd period

4. EDMONTON , Anze Kopitar 16 (Jakub Voracek 14, Bryan Rust 13) at 2:33
5. TORONTO , Ryan Reaves 3 (Jordan Martinook 7, Curtis Lazar 5) at 16:07

Penalties :
Alex Pietrangelo (TOR) for Boarding (Minor) at 6:58, Matt Niskanen (TOR) for Hooking (Minor) at 10:20, Brady Tkachuk (TOR) for Tripping (Minor) at 17:13

Goalie Stats

Anton Khudobin (TOR), 21 saves from 24 shots - (0.875), L, 15-21-2, 59:17 minutes
Darcy Kuemper (EDM), 27 saves from 29 shots - (0.931), W, 27-15-3, 60:00 minutes

Players Stats for TORONTO

Player Name              G  A  P  +/- PIM S  H  SB GA TA FO     MP     PP MP  PK MP  
------------------------------------------------------------------------------------
Alex Pietrangelo         0  0  0   0  2   1  0  3  0  0  0/0    23:41   1:53   3:21 
Brady Tkachuk            0  1  1  -1  2   2  2  0  0  0  0/1    17:55   1:34   1:20 
Brayden Point            1  0  1  -1  0   2  0  0  0  0  1/1    21:17   1:34   5:12 
Curtis Lazar             0  1  1   1  0   0  0  0  0  0  4/7     6:37   0:00   0:00 
Ethan Bear               0  0  0   0  0   0  2  0  0  0  0/0    14:35   0:00   0:07 
Joe Pavelski             0  0  0   0  0   3  1  0  0  0  7/17   18:28   2:24   2:03 
Jordan Martinook         0  1  1   1  0   1  0  0  0  0  0/0     6:44   0:00   0:07 
Jordie Benn              0  0  0   0  0   0  1  0  0  0  0/0    15:10   0:00   1:53 
Josh Morrissey           0  1  1  -1  0   3  1  3  0  0  0/0    21:17   2:05   3:47 
Justin Williams          0  0  0   0  0   2  1  0  0  0  0/0    16:25   2:24   0:00 
Kevin Shattenkirk        0  0  0  -1  0   1  1  1  0  0  0/0    21:15   2:05   3:45 
Mark Scheifele           0  0  0  -1  0   6  0  0  0  0  14/29  22:13   1:34   5:53 
Matt Niskanen            0  0  0   0  2   1  2  1  0  0  0/0    24:00   1:53   2:59 
Nick Suzuki              0  0  0  -1  0   1  0  0  0  0  4/8    12:57   0:00   0:00 
Ondrej Palat             0  0  0   0  0   1  1  0  0  0  1/1    16:25   2:24   0:00 
Oskar Lindblom           0  0  0  -1  0   2  0  0  0  0  1/2    12:42   0:00   0:00 
Richard Panik            0  0  0  -1  2   2  0  0  0  0  0/0    13:42   0:00   1:17 
Ryan Reaves              1  0  1   1  0   1  2  0  0  0  1/1     6:37   0:00   0:00 

Players Stats for EDMONTON

Player Name              G  A  P  +/- PIM S  H  SB GA TA FO     MP     PP MP  PK MP  
------------------------------------------------------------------------------------
Anze Kopitar             2  0  2   2  0   5  0  0  0  0  12/19  21:05   3:13   3:06 
Barclay Goodrow          0  1  1   0  2   0  1  0  0  0  0/0    12:39   0:00   0:00 
Bryan Rust               0  2  2   2  0   0  2  0  0  0  1/1    18:51   3:13   0:52 
Colin Miller             0  0  0   0  0   0  0  2  0  0  0/0    16:14   0:00   0:00 
Colin Wilson             0  0  0  -1  0   2  0  0  0  0  0/1     7:52   0:00   0:00 
Craig Smith              0  1  1   0  0   0  2  0  0  0  8/21   17:07   4:43   0:00 
Darren Helm              1  0  1   0  0   1  2  0  0  0  1/1    13:06   0:00   0:26 
David Perron             0  0  0   0  2   3  2  0  0  0  2/2    17:56   4:43   0:26 
Derek Forbort            0  0  0   0  0   1  2  1  0  0  0/0    21:28   4:14   1:59 
Jakub Voracek            0  1  1   2  0   1  1  0  0  0  1/2    21:05   3:13   3:06 
Jason Demers             0  1  1   1  0   0  2  1  0  0  0/0    22:18   3:42   1:59 
Josh Archibald           0  0  0  -1  0   0  1  0  0  0  0/0     7:52   0:00   0:00 
Justin Holl              0  0  0   0  0   1  1  0  0  0  0/0    16:14   0:00   0:00 
Kyle Palmieri            0  0  0   0  0   6  0  0  0  0  1/1    17:31   4:43   0:00 
Mathieu Perreault        0  0  0  -1  0   1  0  0  0  0  0/6     7:52   0:00   0:00 
Matt Roy                 0  0  0   0  0   0  2  0  0  0  0/0    21:28   4:14   1:59 
Travis Hamonic           0  0  0   1  0   1  3  1  0  0  0/0    22:18   3:42   1:59 
Tyler Johnson            0  0  0   0  0   2  1  0  0  0  8/13   13:04   0:00   0:00 

3 Stars

1 - Anze Kopitar (EDM)
2 - Bryan Rust (EDM)
3 - Ryan Reaves (TOR)

Power Play

TORONTO - 0 on 2 Attempt(s) - 0.00%
EDMONTON - 0 on 4 Attempt(s) - 0.00%

Penalty Kill

TORONTO - 4 on 4 Attempt(s) - 100.00% - Score 0 goal in Penalty Kill
EDMONTON - 2 on 2 Attempt(s) - 100.00% - Score 0 goal in Penalty Kill

Team Stat

TORONTO - Hits : 14 - Faceoff Wins : 33 - Blocked Shots : 8 - Penalty Minutes : 8
EDMONTON - Hits : 22 - Faceoff Wins : 34 - Blocked Shots : 5 - Penalty Minutes : 4

Official

Referees : Tom Chmielewski and Dave Lewis
Linesman : Kyle Allen and Shaun Fletcher

Game Notes

No Game Note

Finance

Level 1 -- Attendance: 4039 (67.32%) -- Ticket Income $403,900
Level 2 -- Attendance: 3758 (75.16%) -- Ticket Income $225,480
Level 3 -- Attendance: 1916 (95.80%) -- Ticket Income $67,060
Level 4 -- Attendance: 3548 (88.70%) -- Ticket Income $70,960
Luxury Box -- Attendance: 739 (73.90%) -- Ticket Income $147,800
Game was played at the Rogers Place.
Total Attendance: 14000 (77.78%)
Total Ticket Income: $915,200
Total Income: $915,200

TORONTO

5 vs 5 Forward 
   Center                   Left Wing                Right Wing               Time % Phy DF OF 
 1 Mark Scheifele           Brady Tkachuk            Brayden Point            35     1   2  2  
 2 Joe Pavelski             Ondrej Palat             Justin Williams          30     1   2  2  
 3 Nick Suzuki              Oskar Lindblom           Richard Panik            25     1   2  2  
 4 Curtis Lazar             Jordan Martinook         Ryan Reaves              10     1   2  2  

5 vs 5 Defense 
   Defense                  Defense                                           Time % Phy DF OF 
 1 Alex Pietrangelo         Matt Niskanen                                     35     1   2  2  
 2 Josh Morrissey           Kevin Shattenkirk                                 30     1   2  2  
 3 Ethan Bear               Jordie Benn                                       25     1   2  2  
 4 Alex Pietrangelo         Matt Niskanen                                     10     1   2  2  

PowerPlay Forward 
   Center                   Left Wing                Right Wing               Time % Phy DF OF 
 1 Mark Scheifele           Brady Tkachuk            Brayden Point            60     1   2  2  
 2 Joe Pavelski             Ondrej Palat             Justin Williams          40     1   2  2  

PowerPlay Defense
   Defense                  Defense                                           Time % Phy DF OF 
 1 Alex Pietrangelo         Matt Niskanen                                     60     1   2  2  
 2 Josh Morrissey           Kevin Shattenkirk                                 40     1   2  2  

Penalty Kill 4 Players Forward 
   Center                   Wing                     Time % Phy DF OF 
 1 Mark Scheifele           Brayden Point            60     1   2  2  
 2 Joe Pavelski             Brady Tkachuk            40     1   2  2  

Penalty Kill 4 Players Defense
   Defense                  Defense                  Time % Phy DF OF 
 1 Alex Pietrangelo         Matt Niskanen            60     1   2  2  
 2 Josh Morrissey           Kevin Shattenkirk        40     1   2  2  

Penalty Kill - 3 Players Forward 
   Forward                                           Time % Phy DF OF 
 1 Mark Scheifele                                    60     1   2  2  
 2 Brayden Point                                     40     1   2  2  

Penalty Kill - 3 Players Defense
   Defense                  Defense                  Time % Phy DF OF 
 1 Alex Pietrangelo         Matt Niskanen            60     1   2  2  
 2 Josh Morrissey           Kevin Shattenkirk        40     1   2  2  

4 vs 4 Forward 
   Center                   Wing                     Time % Phy DF OF 
 1 Mark Scheifele           Brayden Point            60     1   2  2  
 2 Joe Pavelski             Brady Tkachuk            40     1   2  2  

4 vs 4 Defense
   Defense                  Defense                  Time % Phy DF OF 
 1 Alex Pietrangelo         Matt Niskanen            60     1   2  2  
 2 Josh Morrissey           Kevin Shattenkirk        40     1   2  2  

Last Minutes Offensive
   Center                   Left Wing                Right Wing               Defense                  Defense                  
   Mark Scheifele           Brady Tkachuk            Brayden Point            Alex Pietrangelo         Matt Niskanen            

Last Minutes Defensive
   Center                   Left Wing                Right Wing               Defense                  Defense                  
   Mark Scheifele           Brady Tkachuk            Brayden Point            Alex Pietrangelo         Matt Niskanen            

Goaltenders
Starting : Anton Khudobin           
Backup : Jonathan Quick           

Extra Forwards
Normal : Nick Suzuki, Oskar Lindblom, Richard Panik - PP : Nick Suzuki, Oskar Lindblom - PK : Richard Panik
Extra Defensemen
Normal : Ethan Bear, Jordie Benn, Josh Morrissey - PP : Ethan Bear - PK : Jordie Benn, Josh Morrissey
Penalty Shots
Mark Scheifele, Brayden Point, Joe Pavelski, Brady Tkachuk, Ondrej Palat

Scratches
TOR Cap Hit (Suspend)

EDMONTON

5 vs 5 Forward 
   Center                   Left Wing                Right Wing               Time % Phy DF OF 
 1 Anze Kopitar             Jakub Voracek            Bryan Rust               35     1   2  2  
 2 Tyler Johnson            David Perron             Kyle Palmieri            30     1   2  2  
 3 Craig Smith              Darren Helm              Barclay Goodrow          25     1   2  2  
 4 Mathieu Perreault        Colin Wilson             Josh Archibald           10     1   2  2  

5 vs 5 Defense 
   Defense                  Defense                                           Time % Phy DF OF 
 1 Travis Hamonic           Jason Demers                                      35     1   2  2  
 2 Derek Forbort            Matt Roy                                          30     1   2  2  
 3 Colin Miller             Justin Holl                                       25     1   2  2  
 4 Travis Hamonic           Jason Demers                                      10     1   2  2  

PowerPlay Forward 
   Center                   Left Wing                Right Wing               Time % Phy DF OF 
 1 Anze Kopitar             Jakub Voracek            Bryan Rust               60     1   2  2  
 2 Craig Smith              David Perron             Kyle Palmieri            40     1   2  2  

PowerPlay Defense
   Defense                  Defense                                           Time % Phy DF OF 
 1 Travis Hamonic           Jason Demers                                      60     1   2  2  
 2 Derek Forbort            Matt Roy                                          40     1   2  2  

Penalty Kill 4 Players Forward 
   Center                   Wing                     Time % Phy DF OF 
 1 Anze Kopitar             Jakub Voracek            60     1   2  2  
 2 David Perron             Bryan Rust               40     1   2  2  

Penalty Kill 4 Players Defense
   Defense                  Defense                  Time % Phy DF OF 
 1 Travis Hamonic           Jason Demers             60     1   2  2  
 2 Derek Forbort            Matt Roy                 40     1   2  2  

Penalty Kill - 3 Players Forward 
   Forward                                           Time % Phy DF OF 
 1 Anze Kopitar                                      60     1   2  2  
 2 Jakub Voracek                                     40     1   2  2  

Penalty Kill - 3 Players Defense
   Defense                  Defense                  Time % Phy DF OF 
 1 Travis Hamonic           Jason Demers             60     1   2  2  
 2 Derek Forbort            Matt Roy                 40     1   2  2  

4 vs 4 Forward 
   Center                   Wing                     Time % Phy DF OF 
 1 Anze Kopitar             Jakub Voracek            60     1   2  2  
 2 David Perron             Bryan Rust               40     1   2  2  

4 vs 4 Defense
   Defense                  Defense                  Time % Phy DF OF 
 1 Travis Hamonic           Jason Demers             60     1   2  2  
 2 Derek Forbort            Matt Roy                 40     1   2  2  

Last Minutes Offensive
   Center                   Left Wing                Right Wing               Defense                  Defense                  
   Anze Kopitar             Jakub Voracek            Bryan Rust               Travis Hamonic           Jason Demers             

Last Minutes Defensive
   Center                   Left Wing                Right Wing               Defense                  Defense                  
   Anze Kopitar             Jakub Voracek            Bryan Rust               Travis Hamonic           Jason Demers             

Goaltenders
Starting : Darcy Kuemper            
Backup : Aaron Dell               

Extra Forwards
Normal : Tyler Johnson, Barclay Goodrow, Darren Helm - PP : Tyler Johnson, Barclay Goodrow - PK : Darren Helm
Extra Defensemen
Normal : Colin Miller, Justin Holl, Derek Forbort - PP : Colin Miller - PK : Justin Holl, Derek Forbort
Penalty Shots
Anze Kopitar, Jakub Voracek, David Perron, Bryan Rust, Kyle Palmieri

Scratches
EDM Cap Hit (Suspend)

% Time on Ice - TORONTO

Lines # - Real PCT - Wanted PCT - Time Play
Normal Forward
1 - 30% - 35% - 14:15
2 - 30% - 30% - 14:01
3 - 26% - 25% - 12:26
4 - 14% - 10% - 6:37
Normal Defense
1 - 35% - 35% - 16:27
2 - 33% - 30% - 15:25
3 - 28% - 25% - 13:01
4 - 5% - 10% - 2:26
PP Forward
1 - 39% - 60% - 1:34
2 - 61% - 40% - 2:24
PP Defense
1 - 47% - 60% - 1:53
2 - 53% - 40% - 2:05
PK Forward
1 - 75% - 60% - 5:55
2 - 25% - 40% - 2:01
PK Defense
1 - 53% - 60% - 4:11
2 - 47% - 40% - 3:45
PK3 Forward
1 - 0% - 60%
2 - 0% - 40%
PK3 Defense
1 - 0% - 60%
2 - 0% - 40%
44 Forward
1 - 0% - 60%
2 - 0% - 40%
44 Defense
1 - 0% - 60%
2 - 0% - 40%
Last Minute Offensive  - 0:47
Last Minute Defensive  - 0:00
Total
Forward - 60:00
Defense - 60:00

% Time on Ice - EDMONTON

Lines # - Real PCT - Wanted PCT - Time Play
Normal Forward
1 - 30% - 35% - 14:15
2 - 27% - 30% - 12:48
3 - 26% - 25% - 12:24
4 - 17% - 10% - 7:52
Normal Defense
1 - 31% - 35% - 14:45
2 - 32% - 30% - 15:15
3 - 34% - 25% - 15:58
4 - 3% - 10% - 1:21
PP Forward
1 - 41% - 60% - 3:13
2 - 59% - 40% - 4:43
PP Defense
1 - 47% - 60% - 3:42
2 - 53% - 40% - 4:14
PK Forward
1 - 78% - 60% - 3:06
2 - 22% - 40% - 0:52
PK Defense
1 - 50% - 60% - 1:59
2 - 50% - 40% - 1:59
PK3 Forward
1 - 0% - 60%
2 - 0% - 40%
PK3 Defense
1 - 0% - 60%
2 - 0% - 40%
44 Forward
1 - 0% - 60%
2 - 0% - 40%
44 Defense
1 - 0% - 60%
2 - 0% - 40%
Last Minute Offensive  - 0:00
Last Minute Defensive  - 0:47
Total
Forward - 60:00
Defense - 60:00

Play-by-Play

1st period


0:01 of 1st period - Jakub Voracek wins face-off versus Mark Scheifele in neutral zone.
0:18 of 1st period - Shot by Anze Kopitar.
0:18 of 1st period - Stopped by Anton Khudobin with a rebound.
0:20 of 1st period - Shot by Jason Demers.
0:20 of 1st period - Shot Blocked by Alex Pietrangelo.
1:32 of 1st period - Shot by David Perron.
1:32 of 1st period - Shot Misses the Net.
1:34 of 1st period - Shot by Kyle Palmieri.
1:34 of 1st period - Shot Misses the Net.
2:04 of 1st period - Shot by Nick Suzuki.
2:04 of 1st period - Stopped by Darcy Kuemper without a rebound.
2:05 of 1st period - Curtis Lazar wins face-off versus Mathieu Perreault in EDMONTON zone.
3:05 of 1st period - Shot by Richard Panik.
3:05 of 1st period - Stopped by Darcy Kuemper without a rebound.
3:06 of 1st period - Mark Scheifele wins face-off versus Tyler Johnson in EDMONTON zone.
3:33 of 1st period - Shot by Kyle Palmieri.
3:33 of 1st period - Stopped by Anton Khudobin with a rebound.
3:35 of 1st period - Shot by Kyle Palmieri.
3:35 of 1st period - Stopped by Anton Khudobin without a rebound.
3:36 of 1st period - Craig Smith wins face-off versus Nick Suzuki in TORONTO zone.
3:36 of 1st period - Barclay Goodrow is hit by Kevin Shattenkirk and loses puck.
3:39 of 1st period - Shot by Darren Helm.
3:39 of 1st period - Goal by Darren Helm - TORONTO : 0 - EDMONTON : 1.
3:40 of 1st period - Nick Suzuki wins face-off versus Craig Smith in neutral zone.
3:42 of 1st period - Oskar Lindblom is hit by Travis Hamonic and loses puck.
3:47 of 1st period - Shot by Oskar Lindblom.
3:47 of 1st period - Shot Misses the Net.
3:49 of 1st period - Shot by Richard Panik.
3:49 of 1st period - Shot Misses the Net.
3:51 of 1st period - Shot by Richard Panik.
3:51 of 1st period - Deflect By Oskar Lindblom.
3:51 of 1st period - Stopped by Darcy Kuemper without a rebound.
3:52 of 1st period - Joe Pavelski wins face-off versus Anze Kopitar in EDMONTON zone.
4:54 of 1st period - Off-side.
4:55 of 1st period - Tyler Johnson wins face-off versus Mark Scheifele in neutral zone.
5:33 of 1st period - Shot by Mark Scheifele.
5:33 of 1st period - Stopped by Darcy Kuemper with a rebound.
5:35 of 1st period - Shot by Alex Pietrangelo.
5:35 of 1st period - Shot Misses the Net.
5:37 of 1st period - Shot by Alex Pietrangelo.
5:37 of 1st period - Stopped by Darcy Kuemper without a rebound.
5:38 of 1st period - Nick Suzuki wins face-off versus Craig Smith in EDMONTON zone.
5:45 of 1st period - Richard Panik is hit by Darren Helm and loses puck.
5:53 of 1st period - Minor Penalty to Barclay Goodrow for Roughing.
5:54 of 1st period - Anze Kopitar wins face-off versus Joe Pavelski in EDMONTON zone.
5:54 of 1st period - Anze Kopitar is hit by Justin Williams.
6:04 of 1st period - Shot by Josh Morrissey.
6:04 of 1st period - Shot Misses the Net.
7:04 of 1st period - Shot by Brady Tkachuk.
7:04 of 1st period - Stopped by Darcy Kuemper without a rebound.
7:05 of 1st period - David Perron wins face-off versus Mark Scheifele in EDMONTON zone.
7:14 of 1st period - Shot by Matt Niskanen.
7:14 of 1st period - Shot Misses the Net.
7:16 of 1st period - Shot by Matt Niskanen.
7:16 of 1st period - Stopped by Darcy Kuemper without a rebound.
7:17 of 1st period - Joe Pavelski wins face-off versus Anze Kopitar in EDMONTON zone.
7:57 of 1st period - Minor Penalty to Richard Panik for Hooking.
7:58 of 1st period - Mark Scheifele wins face-off versus Craig Smith in TORONTO zone.
7:58 of 1st period - Mark Scheifele is hit by David Perron.
8:38 of 1st period - Shot by Kyle Palmieri.
8:38 of 1st period - Stopped by Anton Khudobin with a rebound.
9:35 of 1st period - Shot by Craig Smith.
9:35 of 1st period - Deflect By Kyle Palmieri.
9:35 of 1st period - Shot Misses the Net.
9:53 of 1st period - Shot by Travis Hamonic.
9:53 of 1st period - Shot Blocked by Alex Pietrangelo.
10:11 of 1st period - Shot by Josh Archibald.
10:11 of 1st period - Shot Misses the Net.
10:13 of 1st period - Shot by Colin Wilson.
10:13 of 1st period - Shot Misses the Net.
10:15 of 1st period - Shot by Colin Wilson.
10:15 of 1st period - Stopped by Anton Khudobin without a rebound.
10:16 of 1st period - Curtis Lazar wins face-off versus Mathieu Perreault in TORONTO zone.
10:41 of 1st period - Shot by Jordan Martinook.
10:41 of 1st period - Stopped by Darcy Kuemper without a rebound.
10:42 of 1st period - Joe Pavelski wins face-off versus Craig Smith in EDMONTON zone.
11:26 of 1st period - Icing by Ethan Bear.
11:27 of 1st period - Kyle Palmieri wins face-off versus Joe Pavelski in TORONTO zone.
11:28 of 1st period - Shot by Tyler Johnson.
11:28 of 1st period - Shot Hit the Post.
11:49 of 1st period - Richard Panik is hit by Jason Demers and loses puck.
12:01 of 1st period - Nick Suzuki is hit by Jason Demers and loses puck.
12:08 of 1st period - Shot by Nick Suzuki.
12:08 of 1st period - Deflect By Oskar Lindblom.
12:08 of 1st period - Stopped by Darcy Kuemper without a rebound.
12:09 of 1st period - Bryan Rust wins face-off versus Brady Tkachuk in EDMONTON zone.
12:29 of 1st period - Mark Scheifele is hit by Justin Holl and loses puck.
12:46 of 1st period - Shot by Brayden Point.
12:46 of 1st period - Shot Misses the Net.
13:01 of 1st period - Mark Scheifele is hit by Matt Roy and loses puck.
13:25 of 1st period - Brayden Point is hit by Derek Forbort and loses puck.
13:29 of 1st period - Icing by Matt Roy.
13:30 of 1st period - Nick Suzuki wins face-off versus Mathieu Perreault in EDMONTON zone.
13:30 of 1st period - Nick Suzuki is hit by Matt Roy.
13:58 of 1st period - Shot by Richard Panik.
13:58 of 1st period - Stopped by Darcy Kuemper without a rebound.
13:59 of 1st period - Tyler Johnson wins face-off versus Joe Pavelski in EDMONTON zone.
14:28 of 1st period - Shot by Kyle Palmieri.
14:28 of 1st period - Shot Misses the Net.
15:03 of 1st period - Shot by Anze Kopitar.
15:03 of 1st period - Shot Misses the Net.
15:05 of 1st period - Shot by Colin Miller.
15:05 of 1st period - Shot Misses the Net.
15:07 of 1st period - Shot by Colin Miller.
15:07 of 1st period - Shot Misses the Net.
15:09 of 1st period - Shot by Bryan Rust.
15:09 of 1st period - Shot Misses the Net.
15:26 of 1st period - Shot by Anze Kopitar.
15:26 of 1st period - Stopped by Anton Khudobin with a rebound.
15:28 of 1st period - Shot by Jakub Voracek.
15:28 of 1st period - Deflect By Bryan Rust.
15:28 of 1st period - Shot Misses the Net.
16:29 of 1st period - Off-side.
16:30 of 1st period - David Perron wins face-off versus Mark Scheifele in neutral zone.
16:50 of 1st period - Minor Penalty to David Perron for Tripping.
16:51 of 1st period - Anze Kopitar wins face-off versus Joe Pavelski in EDMONTON zone.
17:10 of 1st period - Shot by Joe Pavelski.
17:10 of 1st period - Stopped by Darcy Kuemper without a rebound.
17:11 of 1st period - Mark Scheifele wins face-off versus Anze Kopitar in EDMONTON zone.
17:32 of 1st period - Shot by Brayden Point.
17:32 of 1st period - Shot Blocked by Jason Demers.
17:34 of 1st period - Shot by Mark Scheifele.
17:34 of 1st period - Stopped by Darcy Kuemper with a rebound.
17:36 of 1st period - Shot by Josh Morrissey.
17:36 of 1st period - Shot Misses the Net.
17:38 of 1st period - Shot by Josh Morrissey.
17:38 of 1st period - Stopped by Darcy Kuemper with a rebound.
17:40 of 1st period - Shot by Josh Morrissey.
17:40 of 1st period - Shot Blocked by Travis Hamonic.
17:42 of 1st period - Shot by Kevin Shattenkirk.
17:42 of 1st period - Stopped by Darcy Kuemper with a rebound.
17:44 of 1st period - Shot by Josh Morrissey.
17:44 of 1st period - Stopped by Darcy Kuemper with a rebound.
17:46 of 1st period - Shot by Josh Morrissey.
17:46 of 1st period - Stopped by Darcy Kuemper without a rebound.
17:47 of 1st period - Darren Helm wins face-off versus Joe Pavelski in EDMONTON zone.
18:17 of 1st period - Shot by Alex Pietrangelo.
18:17 of 1st period - Shot Misses the Net.
19:07 of 1st period - Shot by Kyle Palmieri.
19:07 of 1st period - Stopped by Anton Khudobin with a rebound.
19:15 of 1st period - Shot by Tyler Johnson.
19:15 of 1st period - Stopped by Anton Khudobin with a rebound.
19:17 of 1st period - Shot by Justin Holl.
19:17 of 1st period - Stopped by Anton Khudobin without a rebound.
19:18 of 1st period - Craig Smith wins face-off versus Mark Scheifele in TORONTO zone.
19:54 of 1st period - Shot by Brayden Point.
19:54 of 1st period - Goal by Brayden Point - TORONTO : 1 - EDMONTON : 1.
19:55 of 1st period - Tyler Johnson wins face-off versus Nick Suzuki in neutral zone.
Goals for this period are 1 for TORONTO vs 1 for EDMONTON.
Shots for this period are 17 for TORONTO vs 10 for EDMONTON.

2nd period


0:01 of 2nd period - Mark Scheifele wins face-off versus Anze Kopitar in neutral zone.
0:03 of 2nd period - Brady Tkachuk is hit by Jakub Voracek and loses puck.
0:16 of 2nd period - Shot by Jakub Voracek.
0:16 of 2nd period - Stopped by Anton Khudobin without a rebound.
0:17 of 2nd period - Craig Smith wins face-off versus Joe Pavelski in TORONTO zone.
2:10 of 2nd period - Off-side.
2:11 of 2nd period - Curtis Lazar wins face-off versus Tyler Johnson in neutral zone.
2:25 of 2nd period - Tyler Johnson is hit by Ethan Bear and loses puck.
2:48 of 2nd period - Shot by Tyler Johnson.
2:48 of 2nd period - Stopped by Anton Khudobin with a rebound.
2:50 of 2nd period - Shot by Kyle Palmieri.
2:50 of 2nd period - Stopped by Anton Khudobin with a rebound.
3:11 of 2nd period - Icing by Travis Hamonic.
3:12 of 2nd period - Anze Kopitar wins face-off versus Joe Pavelski in EDMONTON zone.
3:51 of 2nd period - Alex Pietrangelo is hit by Bryan Rust and loses puck.
3:55 of 2nd period - Off-side.
3:56 of 2nd period - Mark Scheifele wins face-off versus Mathieu Perreault in neutral zone.
4:10 of 2nd period - Brady Tkachuk is hit by Josh Archibald.
4:22 of 2nd period - Mathieu Perreault is hit by Brady Tkachuk.
6:00 of 2nd period - Shot by Darren Helm.
6:00 of 2nd period - Shot Misses the Net.
6:23 of 2nd period - Shot by Jakub Voracek.
6:23 of 2nd period - Shot Misses the Net.
6:25 of 2nd period - Shot by Bryan Rust.
6:25 of 2nd period - Deflect By Anze Kopitar.
6:25 of 2nd period - Stopped by Anton Khudobin without a rebound.
6:26 of 2nd period - Ryan Reaves wins face-off versus Colin Wilson in TORONTO zone.
6:40 of 2nd period - Off-side.
6:41 of 2nd period - Anze Kopitar wins face-off versus Mark Scheifele in neutral zone.
6:48 of 2nd period - Shot by Brayden Point.
6:48 of 2nd period - Deflect By Mark Scheifele.
6:48 of 2nd period - Stopped by Darcy Kuemper without a rebound.
6:49 of 2nd period - Anze Kopitar wins face-off versus Mark Scheifele in EDMONTON zone.
7:00 of 2nd period - Shot by Bryan Rust.
7:00 of 2nd period - Shot Blocked by Josh Morrissey.
7:23 of 2nd period - Shot by Anze Kopitar.
7:23 of 2nd period - Shot Misses the Net.
7:25 of 2nd period - Shot by Anze Kopitar.
7:25 of 2nd period - Shot Misses the Net.
7:27 of 2nd period - Shot by Jason Demers.
7:27 of 2nd period - Shot Misses the Net.
7:29 of 2nd period - Shot by Anze Kopitar.
7:29 of 2nd period - Goal by Anze Kopitar - TORONTO : 1 - EDMONTON : 2.
7:30 of 2nd period - Tyler Johnson wins face-off versus Joe Pavelski in neutral zone.
7:40 of 2nd period - Joe Pavelski is hit by Derek Forbort and loses puck.
7:55 of 2nd period - Shot by Kyle Palmieri.
7:55 of 2nd period - Deflect By David Perron.
7:55 of 2nd period - Shot Misses the Net.
7:57 of 2nd period - Shot by Derek Forbort.
7:57 of 2nd period - Stopped by Anton Khudobin with a rebound.
7:59 of 2nd period - Shot by Tyler Johnson.
7:59 of 2nd period - Shot Blocked by Alex Pietrangelo.
8:01 of 2nd period - Shot by David Perron.
8:01 of 2nd period - Stopped by Anton Khudobin with a rebound.
8:24 of 2nd period - Icing by Justin Holl.
8:25 of 2nd period - Craig Smith wins face-off versus Mark Scheifele in EDMONTON zone.
8:30 of 2nd period - Ethan Bear is hit by Darren Helm and loses puck.
10:23 of 2nd period - Shot by David Perron.
10:23 of 2nd period - Shot Blocked by Josh Morrissey.
10:48 of 2nd period - Icing by Justin Holl.
10:49 of 2nd period - Joe Pavelski wins face-off versus Mathieu Perreault in EDMONTON zone.
11:06 of 2nd period - Shot by Ondrej Palat.
11:06 of 2nd period - Shot Misses the Net.
12:29 of 2nd period - Shot by David Perron.
12:29 of 2nd period - Shot Misses the Net.
12:31 of 2nd period - Shot by Derek Forbort.
12:31 of 2nd period - Shot Misses the Net.
12:33 of 2nd period - Shot by Matt Roy.
12:33 of 2nd period - Shot Misses the Net.
12:35 of 2nd period - Shot by David Perron.
12:35 of 2nd period - Shot Misses the Net.
12:42 of 2nd period - Off-side.
12:43 of 2nd period - Mark Scheifele wins face-off versus Craig Smith in neutral zone.
13:17 of 2nd period - Shot by Brayden Point.
13:17 of 2nd period - Shot Misses the Net.
14:16 of 2nd period - Off-side.
14:17 of 2nd period - Anze Kopitar wins face-off versus Curtis Lazar in neutral zone.
15:11 of 2nd period - Off-side.
15:12 of 2nd period - Mark Scheifele wins face-off versus Tyler Johnson in neutral zone.
16:06 of 2nd period - Off-side.
16:07 of 2nd period - Oskar Lindblom wins face-off versus Anze Kopitar in neutral zone.
16:25 of 2nd period - Shot by Nick Suzuki.
16:25 of 2nd period - Shot Misses the Net.
16:39 of 2nd period - Off-side.
16:40 of 2nd period - Joe Pavelski wins face-off versus Mathieu Perreault in neutral zone.
16:45 of 2nd period - Shot by Ondrej Palat.
16:45 of 2nd period - Deflect By Justin Williams.
16:45 of 2nd period - Shot Blocked by Colin Miller.
16:47 of 2nd period - Shot by Justin Williams.
16:47 of 2nd period - Shot Misses the Net.
16:49 of 2nd period - Shot by Justin Williams.
16:49 of 2nd period - Stopped by Darcy Kuemper with a rebound.
16:55 of 2nd period - Shot by Justin Williams.
16:55 of 2nd period - Shot Misses the Net.
17:05 of 2nd period - Shot by Justin Williams.
17:05 of 2nd period - Stopped by Darcy Kuemper without a rebound.
17:06 of 2nd period - Mark Scheifele wins face-off versus Craig Smith in EDMONTON zone.
17:10 of 2nd period - Icing by Craig Smith.
17:11 of 2nd period - Mark Scheifele wins face-off versus Craig Smith in EDMONTON zone.
17:16 of 2nd period - Shot by Mark Scheifele.
17:16 of 2nd period - Stopped by Darcy Kuemper without a rebound.
17:17 of 2nd period - Mark Scheifele wins face-off versus Anze Kopitar in EDMONTON zone.
17:17 of 2nd period - Brayden Point is hit by Travis Hamonic and loses puck.
17:54 of 2nd period - Anze Kopitar is hit by Matt Niskanen and loses puck.
18:43 of 2nd period - Shot by Kyle Palmieri.
18:43 of 2nd period - Shot Misses the Net.
19:01 of 2nd period - Shot by Joe Pavelski.
19:01 of 2nd period - Deflect By Ondrej Palat.
19:01 of 2nd period - Shot Blocked by Derek Forbort.
19:03 of 2nd period - Shot by Ondrej Palat.
19:03 of 2nd period - Stopped by Darcy Kuemper without a rebound.
19:04 of 2nd period - Craig Smith wins face-off versus Nick Suzuki in EDMONTON zone.
19:42 of 2nd period - Darren Helm is hit by Ethan Bear and loses puck.
Goals for this period are 0 for TORONTO vs 1 for EDMONTON.
Shots for this period are 5 for TORONTO vs 7 for EDMONTON.

3rd period


0:01 of 3rd period - Mark Scheifele wins face-off versus Anze Kopitar in neutral zone.
0:21 of 3rd period - Shot by Bryan Rust.
0:21 of 3rd period - Shot Blocked by Matt Niskanen.
0:30 of 3rd period - Shot by Brayden Point.
0:30 of 3rd period - Deflect By Mark Scheifele.
0:30 of 3rd period - Stopped by Darcy Kuemper without a rebound.
0:31 of 3rd period - Joe Pavelski wins face-off versus Tyler Johnson in EDMONTON zone.
0:50 of 3rd period - Derek Forbort is hit by Ondrej Palat and loses puck.
0:56 of 3rd period - Off-side.
0:57 of 3rd period - Nick Suzuki wins face-off versus Craig Smith in neutral zone.
0:57 of 3rd period - Richard Panik is hit by Barclay Goodrow and loses puck.
2:25 of 3rd period - Anze Kopitar is hit by Josh Morrissey.
2:27 of 3rd period - Shot by Jakub Voracek.
2:27 of 3rd period - Shot Misses the Net.
2:29 of 3rd period - Shot by Anze Kopitar.
2:29 of 3rd period - Shot Blocked by Kevin Shattenkirk.
2:31 of 3rd period - Shot by Jakub Voracek.
2:31 of 3rd period - Shot Misses the Net.
2:33 of 3rd period - Shot by Anze Kopitar.
2:33 of 3rd period - Goal by Anze Kopitar - TORONTO : 1 - EDMONTON : 3.
2:34 of 3rd period - Tyler Johnson wins face-off versus Joe Pavelski in neutral zone.
2:41 of 3rd period - Shot by David Perron.
2:41 of 3rd period - Shot Misses the Net.
3:01 of 3rd period - Shot by Joe Pavelski.
3:01 of 3rd period - Stopped by Darcy Kuemper with a rebound.
3:03 of 3rd period - Shot by Joe Pavelski.
3:03 of 3rd period - Stopped by Darcy Kuemper without a rebound.
3:04 of 3rd period - Anze Kopitar wins face-off versus Nick Suzuki in EDMONTON zone.
3:30 of 3rd period - Shot by Jakub Voracek.
3:30 of 3rd period - Shot Misses the Net.
4:05 of 3rd period - Shot by Colin Wilson.
4:05 of 3rd period - Stopped by Anton Khudobin with a rebound.
4:27 of 3rd period - Shot by Mathieu Perreault.
4:27 of 3rd period - Stopped by Anton Khudobin without a rebound.
4:28 of 3rd period - Tyler Johnson wins face-off versus Mark Scheifele in TORONTO zone.
4:33 of 3rd period - Shot by Kyle Palmieri.
4:33 of 3rd period - Shot Misses the Net.
4:41 of 3rd period - Shot by Kyle Palmieri.
4:41 of 3rd period - Stopped by Anton Khudobin without a rebound.
4:42 of 3rd period - Joe Pavelski wins face-off versus Craig Smith in TORONTO zone.
5:26 of 3rd period - Justin Holl is hit by Joe Pavelski and loses puck.
5:37 of 3rd period - Shot by Brayden Point.
5:37 of 3rd period - Stopped by Darcy Kuemper without a rebound.
5:38 of 3rd period - Anze Kopitar wins face-off versus Mark Scheifele in EDMONTON zone.
5:38 of 3rd period - Bryan Rust is hit by Brady Tkachuk and loses puck.
6:03 of 3rd period - Shot by Mark Scheifele.
6:03 of 3rd period - Stopped by Darcy Kuemper without a rebound.
6:04 of 3rd period - Tyler Johnson wins face-off versus Curtis Lazar in EDMONTON zone.
6:04 of 3rd period - Matt Roy is hit by Ryan Reaves.
6:05 of 3rd period - Icing by Matt Roy.
6:06 of 3rd period - Curtis Lazar wins face-off versus Tyler Johnson in EDMONTON zone.
6:23 of 3rd period - Curtis Lazar is hit by Tyler Johnson and loses puck.
6:34 of 3rd period - Shot by David Perron.
6:34 of 3rd period - Shot Misses the Net.
6:38 of 3rd period - Shot by Kyle Palmieri.
6:38 of 3rd period - Shot Misses the Net.
6:46 of 3rd period - Shot by Kyle Palmieri.
6:46 of 3rd period - Deflect By David Perron.
6:46 of 3rd period - Stopped by Anton Khudobin with a rebound.
6:53 of 3rd period - Icing by Matt Niskanen.
6:54 of 3rd period - Anze Kopitar wins face-off versus Curtis Lazar in TORONTO zone.
6:58 of 3rd period - Minor Penalty to Alex Pietrangelo for Boarding.
6:59 of 3rd period - Anze Kopitar wins face-off versus Mark Scheifele in TORONTO zone.
7:26 of 3rd period - Shot by Travis Hamonic.
7:26 of 3rd period - Stopped by Anton Khudobin without a rebound.
7:27 of 3rd period - Brayden Point wins face-off versus Craig Smith in TORONTO zone.
7:38 of 3rd period - Jordie Benn is hit by Craig Smith and loses puck.
7:50 of 3rd period - Icing by Kyle Palmieri.
7:51 of 3rd period - Mark Scheifele wins face-off versus Craig Smith in EDMONTON zone.
8:06 of 3rd period - Icing by Kyle Palmieri.
8:07 of 3rd period - Craig Smith wins face-off versus Mark Scheifele in EDMONTON zone.
9:13 of 3rd period - Colin Wilson is hit by Jordie Benn and loses puck.
9:26 of 3rd period - Shot by Oskar Lindblom.
9:26 of 3rd period - Shot Blocked by Colin Miller.
10:03 of 3rd period - Jakub Voracek is hit by Matt Niskanen.
10:20 of 3rd period - Minor Penalty to Matt Niskanen for Hooking.
10:21 of 3rd period - Mark Scheifele wins face-off versus Craig Smith in TORONTO zone.
10:21 of 3rd period - Brayden Point is hit by David Perron and loses puck.
11:13 of 3rd period - Icing by Jakub Voracek.
11:14 of 3rd period - Anze Kopitar wins face-off versus Mark Scheifele in EDMONTON zone.
12:30 of 3rd period - Justin Holl is hit by Ryan Reaves and loses puck.
13:08 of 3rd period - Ethan Bear is hit by Travis Hamonic and loses puck.
13:51 of 3rd period - Joe Pavelski is hit by Bryan Rust.
16:07 of 3rd period - Shot by Ryan Reaves.
16:07 of 3rd period - Goal by Ryan Reaves - TORONTO : 2 - EDMONTON : 3.
16:08 of 3rd period - Ondrej Palat wins face-off versus Craig Smith in neutral zone.
16:08 of 3rd period - Alex Pietrangelo is hit by Craig Smith and loses puck.
17:08 of 3rd period - Icing by Justin Holl.
17:09 of 3rd period - Mark Scheifele wins face-off versus Jakub Voracek in EDMONTON zone.
17:13 of 3rd period - Minor Penalty to Brady Tkachuk for Tripping.
17:14 of 3rd period - Craig Smith wins face-off versus Mark Scheifele in TORONTO zone.
17:15 of 3rd period - Shot by Kyle Palmieri.
17:15 of 3rd period - Shot Misses the Net.
17:17 of 3rd period - Shot by Matt Roy.
17:17 of 3rd period - Shot Blocked by Josh Morrissey.
17:51 of 3rd period - Shot by David Perron.
17:51 of 3rd period - Stopped by Anton Khudobin without a rebound.
17:52 of 3rd period - Anze Kopitar wins face-off versus Mark Scheifele in TORONTO zone.
18:58 of 3rd period - Icing by Derek Forbort.
18:59 of 3rd period - Craig Smith wins face-off versus Joe Pavelski in EDMONTON zone.
19:17 of 3rd period - TORONTO, Anton Khudobin is pulled from the net.
19:25 of 3rd period - Shot by Anze Kopitar.
19:25 of 3rd period - Shot Misses the Net.
19:43 of 3rd period - Shot by Alex Pietrangelo.
19:43 of 3rd period - Deflect By Brady Tkachuk.
19:43 of 3rd period - Stopped by Darcy Kuemper without a rebound.
19:44 of 3rd period - Tyler Johnson wins face-off versus Oskar Lindblom in EDMONTON zone.
Goals for this period are 1 for TORONTO vs 1 for EDMONTON.
Shots for this period are 7 for TORONTO vs 7 for EDMONTON.